 Dungeon Crawl Stone Soup version 0.23.2-1-ga50397a (webtiles) character file.

Game seed: 13119240153202578191

825 Fang the Skirmisher (level 7, 0/45 HPs)
             Began as a Gargoyle Berserker on May 20, 2019.
             Was an Elder of Trog.
             Slain by Purgy (2 damage)
             ... on level 4 of the Dungeon.
             The game lasted 00:03:25 (4650 turns).

Fang the Skirmisher (Gargoyle Berserker)            Turns: 4650, Time: 00:03:26

Health: 0/45       AC:  7    Str: 22    XL:     7   Next: 96%
Magic:  7/7        EV: 13    Int:  8    God:    Trog [****..]
Gold:   247        SH:  0    Dex:  9    Spells: 6/6 levels left

rFire    . . .     SeeInvis .   a - +0 hand axe
rCold    . . .     Gourm    .   (no shield)
rNeg     + . .     Faith    .   b - +0 animal skin
rPois    ∞         Spirit   .   (no helmet)
rElec    +         Reflect  .   (no cloak)
rCorr    .         Harm     .   (no gloves)
MR       .....                  (no boots)
Stlth    +.........             (no amulet)
HPRegen  0.15/turn              (no ring)
MPRegen  0.10/turn              (no ring)

@: confused, berserk cooldown, starving, slowed, very slow
A: negative energy resistance 1, electricity resistance, unbreathing,
petrification resistance, rot immunity, AC +4
a: Berserk, Trog's Hand, Brothers in Arms, Renounce Religion


You were on level 4 of the Dungeon.
You worshipped Trog.
Trog was greatly pleased with you.
You were starving.

You visited 2 branches of the dungeon, and saw 6 of its levels.

You collected 247 gold pieces.

Inventory:

Hand Weapons
 a - a +0 hand axe (weapon)
Armour
 b - a +0 animal skin (worn)
Jewellery
 d - an uncursed ring of positive energy {unknown}
 h - an uncursed ring of protection from cold {unknown}
 l - a cursed -3 ring of strength {unknown}
Wands
 w - a wand of flame (39)
Scrolls
 f - 3 scrolls of identify {unknown}
 g - a scroll of teleportation {unknown}
 i - 3 scrolls of fear {unknown}
 m - 4 scrolls of enchant armour {unknown}
 n - a scroll of noise {unknown}
 o - a scroll of random uselessness {unknown}
 p - 4 scrolls of immolation {unknown}
 u - a scroll of magic mapping {unknown}
 y - a scroll of blinking {unknown}
Potions
 e - a potion of curing {unknown}
 j - a potion of haste {unknown}
 k - a potion of mutation {unknown}
 q - a potion of might {unknown}
 r - 2 potions of ambrosia {unknown}
 s - a potion of cancellation {unknown}
 t - a potion of brilliance {unknown}
 x - a potion of berserk rage {unknown}
Comestibles
 c - 8 rations


   Skills:
 + Level 5.8 Fighting
 + Level 4.7 Axes
 + Level 5.1 Armour
 + Level 3.8 Dodging


You had 6 spell levels left.
You didn't know any spells.
Your spell library was empty.

Dungeon Overview and Level Annotations

Branches:
Dungeon (5/15)             Temple (1/1) D:5

Altars:
Fedhas
Gozag
Kikubaaqudgha
Sif Muna
Uskayaw
Xom
Yredelemnul
Zin

Shops:
D:4 [   D:5 !

Annotations:
D:4 Purgy


Innate Abilities, Weirdness & Mutations

You are resistant to torment.
Your stone body is resilient. (AC +4)
You are immune to poison.
You resist negative energy. (rN+)
You are resistant to electric shocks. (rElec)
You can survive without breathing.
You are immune to petrification.
You are immune to rotting.


Message History

* * * LOW HITPOINT WARNING * * *
Purgy bites you.
* * * LOW HITPOINT WARNING * * *
Purgy claws you.
* * * LOW HITPOINT WARNING * * *
Purgy closely misses you. The orc hits you.
* * * LOW HITPOINT WARNING * * *
Purgy closely misses you. x3
The orc hits you from afar with a +0 trident.
* * * LOW HITPOINT WARNING * * *
Purgy closely misses you. Purgy claws you but does no damage.
Purgy barely misses you. The orc closely misses you.
You hit Purgy.
Purgy is lightly wounded.
You closely miss something. You hit the orc.
Something hits you but does no damage. Purgy barely misses you.
Purgy closely misses you. Purgy claws you but does no damage.
The orc closely misses you. The orc misses you. Something barely misses you.
Purgy bites you.
You die...

.............#....#...'....#.....
.............#....#...#....#.....
....)........#....#...#....+.....
##############...##...##...##....
#....###...##...####+##....
............#..............
#...........)#..............
#.........oT.o..............
#..<.......@o#..............
#[...........#..............
#..####.#######.###'###.<..
..##..####'##.####.##..#######
)................#............
.......÷.........#......÷.....
.................#............
#...####...##...##...#########
#+######...##...##...## #


You could see Purgy and 3 orcs.

Vanquished Creatures
  Menkaure (D:4)
  A sky beast (D:5)
  A scorpion (D:4)
  A howler monkey (D:4)
  3 crimson imps
  A quasit (D:5)
  A hound (D:5)
  An orc wizard (D:4)
  An iguana (D:5)
  Natasha (thrice) (D:4)
  4 gnolls (D:5)
  10 adders
  A shadow imp (D:5)
  2 oozes (D:2)
  An adder skeleton (D:2)
  A worm (D:4)
  A dart slug (D:5)
  3 leopard geckos (D:1)
  3 orcs (D:5)
  8 bats
  6 giant cockroaches
  8 goblins
  4 hobgoblins
  3 jackals (D:4)
  8 kobolds
  5 quokkas
  5 ball pythons
  3 frilled lizards
  2 quokka skeletons
  10 rats
102 creatures vanquished.

Notes
Turn   | Place    | Note
-------+----------+-------------------------------------------
     0 | D:1      | Fang the Gargoyle Berserker began the quest for the Orb.
     0 | D:1      | Reached XP level 1. HP: 14/14 MP: 1/1
    64 | D:1      | Reached XP level 2. HP: 14/19 MP: 2/2
   360 | D:1      | Reached XP level 3. HP: 20/24 MP: 3/3
   367 | D:1      | Reached ** piety under Trog
   674 | D:2      | Found a blossoming altar of Fedhas.
   871 | D:2      | Found an ancient bone altar of Kikubaaqudgha.
   881 | D:2      | Reached XP level 4. HP: 29/29 MP: 4/4
   884 | D:2      | Found a shimmering altar of Xom.
   996 | D:2      | Found a deep blue altar of Sif Muna.
   998 | D:2      | Found a glowing silver altar of Zin.
  1097 | D:2      | Found a basalt altar of Yredelemnul.
  1189 | D:2      | Found a hide-covered altar of Uskayaw.
  1904 | D:3      | Reached *** piety under Trog
  1929 | D:3      | Found a faded altar of an unknown god.
  2175 | D:3      | Reached XP level 5. HP: 26/33 MP: 5/5
  2454 | D:3      | You fall through a shaft for 2 floors!
  2454 | D:5      | Entered Level 5 of the Dungeon
  2455 | D:5      | Noticed a sky beast
  2483 | D:5      | Killed a sky beast
  2532 | D:5      | Reached XP level 6. HP: 5/39 MP: 6/6
  3299 | D:5      | Found a staircase to the Ecumenical Temple.
  3330 | Temple   | Entered the Ecumenical Temple
  3397 | D:5      | Reached skill level 5 in Fighting
  3609 | D:5      | Reached XP level 7. HP: 44/44 MP: 7/7
  3824 | D:5      | Found Poudecal's Distillery.
  4167 | D:4      | Noticed Menkaure
  4174 | D:4      | Killed Menkaure
  4245 | D:4      | Reached **** piety under Trog
  4252 | D:4      | Noticed Natasha
  4262 | D:4      | Killed Natasha
  4305 | D:4      | Noticed Natasha
  4314 | D:4      | Killed Natasha
  4314 | D:4      | Reached skill level 5 in Armour
  4335 | D:4      | Found an opulent altar of Gozag.
  4382 | D:4      | Found Dekh's Antique Armour Shop.
  4579 | D:4      | Noticed Natasha
  4594 | D:4      | Killed Natasha
  4636 | D:4      | Noticed Purgy
  4648 | D:4      | HP: 2/45 [orc/+0 trident (1)]
  4650 | D:4      | Slain by Purgy

Skill      XL: |  1  2  3  4  5  6  7 |
---------------+----------------------+-----
Axes           | 3 4 |  4.7
Dodging        | 2 3 |  3.8
Fighting       | 4 5 |  5.8
Armour         | 3 4 5 |  5.1

Action                   |  1- 3 |  4- 6 |  7- 9 || total
-------------------------+-------+-------+-------++-------
Melee: Hand axe          |   129 |   326 |   102 ||   557
Invok: Berserk           |       |     4 |     4 ||     8
 Stab: Sleeping          |       |     1 |       ||     1
  Eat: Chunk             |       |    13 |     5 ||    18
Armor: Animal skin       |    57 |   152 |    27 ||   236
Dodge: Dodged            |   119 |   259 |    86 ||   464
